 Dungeon Crawl Stone Soup version 0.28.0-43-g3370ac3207 (webtiles) character file.

Game seed: 13562605230601912301

224 terff the Chopper (level 6, -2/53 HPs)
             Began as a Hill Orc Fighter on Apr 1, 2022.
             Succumbed to a kobold's poison
             ... on level 4 of the Dungeon.
             The game lasted 00:04:21 (3479 turns).

terff the Chopper (Hill Orc Fighter)                Turns: 3479, Time: 00:04:22

Health: -2/53      AC:  4    Str: 19    XL:     6   Next: 0%
Magic:  6/6        EV:  9    Int:  8    God:
Gold:   166        SH:  4    Dex: 12    Spells: 5/5 levels left

rFire   . . .      SeeInvis +   a - +0 war axe
rCold   . . .      Faith    .   c - +0 buckler
rNeg    . . .      Spirit   .   b - +0 scale mail
rPois   .          Reflect  .   m - +0 hat
rElec   .          Harm     .   (no cloak)
rCorr   .          Rampage  .   (no gloves)
Will    .....                   (no boots)
Stlth   ..........              (no amulet)
HPRegen 0.17/turn               k - ring of see invisible
MPRegen 0.10/turn               (no ring)

@: lethally poisoned (-2 -> -14)
A: claws 1, deformed body
a: no special abilities


You were on level 4 of the Dungeon.
You visited 1 branch of the dungeon, and saw 4 of its levels.

You collected 166 gold pieces.

Inventory:

Hand Weapons
 a - a +0 war axe (weapon)
Missiles
 h - a throwing net (quivered)
Armour
 b - a +0 scale mail (worn)
 c - a +0 buckler (worn)
 m - a +0 hat (worn)
Jewellery
 k - a ring of see invisible (left claw)
Scrolls
 f - a scroll of fog
 n - a scroll of amnesia
Potions
 d - a potion of might
 e - a potion of haste
 g - a potion of attraction
 i - 2 potions of heal wounds
 j - a potion of curing {unknown}
 l - 2 potions of resistance {unknown}


   Skills:
 + Level 4.6 Fighting
 + Level 4.9 Axes
 + Level 4.8 Armour
 + Level 1.1 Dodging
 + Level 3.7 Shields


You had 5 spell levels left.
You didn't know any spells.
Your spell library contained the following spells:

 Spells                   Type           Power      Damage    Failure   Level
 Foxfire                  Conj/Fire      0%         2x1d4     85%         1
 Conjure Flame            Conj/Fire      0%         6-21      99%         3
 Inner Flame              Hex/Fire       0%         N/A       99%         3
 Flame Wave               Conj/Fire      0%         2d4       100%        4


Dungeon Overview and Level Annotations

Branches:
Dungeon (4/15)
 Temple: D:4-7

Altars:


Innate Abilities, Weirdness & Mutations

You have sharp fingernails.
Armour fits poorly on your strangely shaped body.


Message History

You barely miss the ufetubus.
The ufetubus hits you but does no damage.
The ufetubus hits you. You block the wyvern zombie's attack.
The ufetubus barely misses you. The ufetubus closely misses you.
The wyvern zombie closely misses you.
You slash the wyvern zombie!
The wyvern zombie is heavily damaged.
You slash the ufetubus!
You kill the ufetubus!
The wyvern zombie bites you!
A kobold comes into view.
It is wielding a +0 whip and quivering poisoned darts.
You have reached level 6!
The kobold shouts!
You slash the wyvern zombie!
The wyvern zombie is severely damaged.
The wyvern zombie bites you but does no damage.
You block the wyvern zombie's attack.
You hit the wyvern zombie but do no damage.
The wyvern zombie is severely damaged.
The wyvern zombie bites you!
* * * LOW HITPOINT WARNING * * *
The wyvern zombie barely misses you.
You hit the wyvern zombie.
The wyvern zombie is almost destroyed.
The wyvern zombie closely misses you.
You hit the wyvern zombie.
The wyvern zombie is almost destroyed.
The wyvern zombie bites you.
* * * LOW HITPOINT WARNING * * *
The wyvern zombie bites you but does no damage.
The kobold throws a poisoned dart.
You block the poisoned dart.
You hit the wyvern zombie but do no damage.
The wyvern zombie is almost destroyed.
The wyvern zombie bites you!
* * * LOW HITPOINT WARNING * * *
The kobold throws a poisoned dart.
The poisoned dart hits you!
You are lethally poisoned!
You slash the wyvern zombie!
You destroy the wyvern zombie!
You die...

.......##.......###..#.........#
.#.....#..........#[.#.###+###..#
......###.#.#.......<..# ...
........#####..........# ..
#..###.####.#.###......+ # ....
.........##..##.## ....
..........#....## ....
.###...........# .....
#......@.#..# .........##....
................ ........[.K.....
................ ................
........#....[. ........#..####


You could see a kobold.

Vanquished Creatures
  A wyvern zombie (D:4)
  A wyvern skeleton (D:3)
  A hound (D:4)
  An orc priest (D:4)
  Terence (D:2)
  An adder (D:2)
  An ufetubus (D:4)
  2 worms (D:3)
  5 orcs
  7 endoplasms
  2 giant cockroaches (D:1)
  5 goblins
  3 hobgoblins
  2 quokkas
  8 ball pythons
  11 bats
  A frilled lizard (D:1)
  5 kobolds
  5 rats (D:1)
63 creatures vanquished.

Notes
Turn   | Place    | Note
-------+----------+-------------------------------------------
     0 | D:1      | terff the Hill Orc Fighter began the quest for the Orb.
     0 | D:1      | Reached XP level 1. HP: 19/19 MP: 1/1
   163 | D:1      | Reached XP level 2. HP: 27/27 MP: 2/2
   442 | D:1      | Found a faded altar of an unknown god.
   652 | D:1      | Reached XP level 3. HP: 33/33 MP: 3/3
  1671 | D:2      | Noticed Terence
  1681 | D:2      | Killed Terence
  1682 | D:2      | Reached XP level 4. HP: 15/40 MP: 4/4
  2183 | D:3      | Reached skill level 1 in Dodging
  2183 | D:3      | Reached XP level 5. HP: 28/47 MP: 5/5
  2472 | D:3      | Gained mutation: You have sharp fingernails. [potion of
                  | mutation]
  2472 | D:3      | Gained mutation: Armour fits poorly on your strangely
                  | shaped body. [potion of mutation]
  3474 | D:4      | Reached XP level 6. HP: 20/53 MP: 6/6
  3478 | D:4      | HP: 2/53 [wyvern zombie (7)]
  3479 | D:4      | Succumbed to a kobold's poison

Illustrated notes

Levels and vault maps discovered:
D:1:      amcnicky_arrival_double_pillar, layout_loops_corners, serial_forest,
          infiniplex_forest_lined_corner, infiniplex_forest_zigzag_1,
          infiniplex_forest_lined_corner, infiniplex_forest_end_double,
          infiniplex_forest_lined_1, basic_ecumenical_altar
D:2:      layout_loops_corners, uniq_terence
D:3:      layout_basic, serial_rivers, chequers_serial_rivers_micro_c,
          chequers_serial_rivers_room_b, chequers_serial_rivers_micro_e,
          chequers_serial_rivers_small_3, chequers_serial_rivers_micro_e,
          hangedman_decor_growths, kennysheep_potato
D:4:      layout_cave_pools, minmay_temple_entry_hall,
          chequers_serial_rivers_large_b

Skill      XL: |  1  2  3  4 |
---------------+-------------+-----
Axes           | 3 4 |  4.9
Fighting       | 4 |  4.6
Armour         | 4 |  4.8
Dodging        | 1 |  1.1
Shields        | |  3.7

Action                   |  1- 3 |  4- 6 || total
-------------------------+-------+-------++-------
Melee: War axe           |    99 |    84 ||   183
  Use: Scroll            |     2 |     6 ||     8
       Potion            |       |     2 ||     2
Armor: Scale mail        |    69 |    42 ||   111
Dodge: Dodged            |    78 |    60 ||   138
Block: Buckler           |    28 |    23 ||    51
